 Dungeon Crawl Stone Soup version 0.31-a0-986-g5e6e4ef867 (webtiles) character file.

Game seed: 18385853822251877048

40 mandarbmax the Stinger (level 4, -2/35 HPs)
             Began as a Meteoran Wanderer on Nov 12, 2023.
             Slain by a kobold
             ... wielding a +0 club
              (4 damage)
             ... on level 3 of the Dungeon.
             The game lasted 00:06:56 (717 turns).

mandarbmax the Stinger (Meteoran Wanderer)           Turns: 717, Time: 00:06:57

Health: -2/35      AC: 12    Str: 18    XL:     4   Next: 0%
Magic:  9/9        EV:  5    Int: 16    God:
Gold:   64         SH:  0    Dex: 14    Spells: 6/8 levels left

rFire   . . .        a - +2 dagger (freeze)
rCold   . . .        (no shield)
rNeg    . . .        i - +0 plate armour
rPois   .            h - +0 helmet
rElec   .            (no cloak)
rCorr   .            (no gloves)
SInv    .            j - +0 pair of boots
Will    .....        (no amulet) Stlth
                     g - +6 ring of strength
HPRegen 0.25/turn    (no ring)
MPRegen 0.11/turn

%: no passive effects
@: glowing
A: sense surroundings 1, otherworldly, glowing, explore regen
a: no special abilities


You were on level 3 of the Dungeon.
You visited 1 branch of the dungeon, and saw 3 of its levels.

You collected 64 gold pieces.

Inventory:

Hand Weapons
 a - a +2 dagger of freezing (weapon)
Missiles
 b - 7 boomerangs (quivered)
Armour
 d - a +0 robe
 h - a +0 helmet (worn)
 i - a +0 plate armour (worn)
 j - a +0 pair of boots (worn)
Jewellery
 g - a +6 ring of strength (left hand)
Scrolls
 c - 2 scrolls of blinking
 e - a scroll of identify
 f - a scroll of fog


   Skills:
 + Level 1.1 Fighting
 * Level 4.0 Throwing
 + Level 0.0 Armour
 + Level 0.0 Dodging
 - Level 2.6 Spellcasting
 - Level 2.4 Earth Magic
 - Level 4.8 Poison Magic


You had 6 spell levels left.
You knew the following spells:

 Your Spells              Type           Power      Damage    Failure   Level
a - Sandblast             Erth           18%        2d7       98%         1
b - Sting                 Tmut/Pois      36%        1d4       98%         1

Your spell library contained the following spells:

 Spells                   Type           Power      Damage    Failure   Level
 Poisonous Vapours        Pois/Air       18%        N/A       99%         2
 Cigotuvi's Dreadful Rot  Necr/Pois/Air  14%        N/A       100%        2
 Stone Arrow              Conj/Erth      12%        3d7       100%        3
 Dispel Undead            Necr           2%         3d7       100%        4
 Olgreb's Toxic Radiance  Pois           17%        N/A       100%        4
 Death Channel            Necr           1%         N/A       100%        6


Dungeon Overview and Level Annotations

Branches:
Dungeon (3/15) Zot: 1071

Altars:


Innate Abilities, Weirdness & Mutations

You passively map a small area around you.
You are easily found by Zot.
You glow in the dark.
You regain HP and MP as you explore.


Message History

The jackal bites you but does no damage.
The jackal barely misses you.
You aren't carrying any potions.
As you read the scroll labelled QOUSTACR HIKHUCKO, it crumbles to dust.
It is a scroll of identify.
f - a scroll of fog You feel sick.
The jackal barely misses you.
You hit the jackal. You freeze the jackal.
The jackal is moderately wounded.
You feel sick. The jackal bites you.
* * * LOW HITPOINT WARNING * * *
The jackal bites you but does no damage.
You hit the jackal. You freeze the jackal.
You kill the jackal!
You feel sick. The jackal closely misses you.
Your Throwing skill increases to level 4!
You barely miss the jackal.
You feel sick.
The jackal bites you but does no damage.
You aren't carrying any potions.
Okay, then.
You hit the jackal. You freeze the jackal.
The jackal is almost dead.
You feel sick. The jackal bites you.
* * * LOW HITPOINT WARNING * * *
You hit the jackal. You freeze the jackal.
You kill the jackal!
* * * LOW HITPOINT WARNING * * *
You feel sick.
You have reached level 4!
You closely miss the kobold.
You feel sick.
You are no longer poisoned.
The kobold hits you with a +0 club.
* * * LOW HITPOINT WARNING * * *
Unknown command.
You closely miss the kobold. The kobold barely misses you.
Okay, then.
You barely miss the kobold. The kobold barely misses you.
You barely miss the kobold. The kobold hits you but does no damage.
You barely miss the kobold. The kobold hits you with a +0 club.
You die...

### ,
*######.#
, #<.....#
* ######.#
* * #.# ,*
#@# , #K#
#.#######
#.......#
, *
#.......#
#.......#
*
#)......#,
,
#.......#
, , , * **
#.....†.#
, ,


You could see a kobold.

Vanquished Creatures
  A worm (D:2)
  2 bats (D:1)
  4 endoplasms (D:1)
  2 giant cockroaches
  A goblin (D:1)
  3 hobgoblins (D:1)
  6 jackals
  4 kobolds
  A quokka (D:2)
  4 ball pythons
  2 frilled lizards
  4 rats
34 creatures vanquished.

Notes
Turn   | Place    | Note
-------+----------+-------------------------------------------
     0 | D:1      | mandarbmax the Meteoran Wanderer began the quest for the
                  | Orb.
     0 | D:1      | mandarbmax set off with the following items: a +0 dagger, 7
                  | boomerangs, a scroll of blinking, a +0 robe; and the
                  | following spells available to memorise: Sandblast, Sting,
                  | Poisonous Vapours, Olgreb's Toxic Radiance, Stone Arrow.
     0 | D:1      | Reached XP level 1. HP: 16/16 MP: 5/5
     2 | D:1      | Learned a level 1 spell: Sandblast
     4 | D:1      | Learned a level 1 spell: Sting
    63 | D:1      | Reached XP level 2. HP: 20/23 MP: 6/6
   298 | D:1      | Reached XP level 3. HP: 23/28 MP: 4/8
   713 | D:3      | Reached XP level 4. HP: 3/35 MP: 9/9
   713 | D:3      | HP: 1/35 [kobold/+0 club (1)]
   717 | D:3      | Slain by a kobold

Illustrated notes

Levels and vault maps discovered:
D:1:      lemuel_arrival_river_ford, layout_basic
D:2:      layout_basic, minmay_misc_feat_columns
D:3:      layout_basic, mainiacjoe_overflow_alcove_1

Skill      XL: |  1  2  3 |
---------------+----------+-----
Throwing       | 2 3 4 |  4.0
Fighting       | |  1.1
Spellcasting   | |  2.6
Earth Magic    | |  2.4
Poison Magic   | |  4.8

Action                     |  1- 3 |  4- 6 || total
---------------------------+-------+-------++-------
  Melee: Dagger            |    29 |     5 ||    34
  Throw: Boomerang         |    46 |       ||    46
   Cast: Sandblast         |     9 |       ||     9
    Use: Scroll            |     1 |       ||     1
 Armour: Robe              |    15 |       ||    15
         Plate armour      |    37 |     3 ||    40
  Dodge: Dodged            |    34 |     2 ||    36

Table legend: (Time is in decaauts)
 A = Elapsed time spent in this place.
 B = Non-inter-level travel time spent in this place.
 C = Inter-level travel time spent in this place.
 D = Time resting spent in this place.
 E = Time spent auto-exploring this place.
 F = Levels seen in this place.
 G = Mean time per level.
                   A        B        C        D        E       F      G
               +--------+--------+--------+--------+--------+-----+--------+
         Total |    727 |    614 |    113 |      0 |     25 |   3 |  242.3 |
       Dungeon |    727 |    614 |    113 |      0 |     25 |   3 |  242.3 |
               +--------+--------+--------+--------+--------+-----+--------+

Top non-repeatable levels by time:
     D:1: 439 daAuts
     D:2: 242 daAuts
     D:3: 46 daAuts
